 Dungeon Crawl Stone Soup version 0.25-a0-356-g7c9d860b3b (webtiles) character file.

Game seed: 3923306195356392297, levelgen mode: deterministic

119 Gildeon the Cudgeler (level 5, -1/32 HPs)
             Began as a Gargoyle Fighter on Jan 3, 2020.
             Was an Initiate of Okawaru.
             Slain by Sigmund
             ... wielding a +0 scythe
              (4 damage)
             ... on level 3 of the Dungeon.
             The game lasted 00:05:16 (1770 turns).

Gildeon the Cudgeler (Gargoyle Fighter)             Turns: 1770, Time: 00:05:16

Health: -1/32      AC: 10    Str: 21    XL:     5   Next: 3%
Magic:  5/5        EV:  7    Int:  8    God:    Okawaru [......]
Gold:   153        SH:  9    Dex:  9    Spells: 4/4 levels left

rFire    . . .     SeeInvis .   a - +0 flail
rCold    . . .     Gourm    .   c - +0 shield
rNeg     + . .     Faith    .   b - +0 scale mail
rPois    ∞         Spirit   .   (no helmet)
rElec    +         Reflect  .   (no cloak)
rCorr    +         Harm     .   (no gloves)
MR       .....                  (no boots)
Stlth    ..........             (no amulet)
HPRegen  0.10/turn              i - ring of resist corrosion
MPRegen  0.09/turn              (no ring)

@: no status effects
A: negative energy resistance 1, electricity resistance, unbreathing,
petrification resistance, rot immunity, AC +4
a: Renounce Religion


You were on level 3 of the Dungeon.
You worshipped Okawaru.
Okawaru was noncommittal.
You were not hungry.

You visited 1 branch of the dungeon, and saw 3 of its levels.

You collected 153 gold pieces.

Inventory:

Hand Weapons
 a - a +0 flail (weapon)
Armour
 b - a +0 scale mail (worn)
 c - a +0 shield (worn)
Jewellery
 i - a ring of resist corrosion (left hand)
Scrolls
 e - a scroll of enchant weapon {unknown}
 h - 6 scrolls of identify {unknown}
 m - a scroll of random uselessness {unknown}
 n - 2 scrolls of immolation {unknown}
Potions
 d - a potion of might
 k - 2 potions of degeneration {unknown}
 l - 2 potions of lignification {unknown}
Comestibles
 f - 8 rations


   Skills:
 - Level 3.2 Fighting
 + Level 5.0 Maces & Flails
 - Level 3.2 Armour
 - Level 3.2 Shields


You had 4 spell levels left.
You didn't know any spells.
Your spell library was empty.

Dungeon Overview and Level Annotations

Branches:
Dungeon (3/15)

Altars:
Elyvilon
Okawaru
Sif Muna

Annotations:
D:3 Sigmund


Innate Abilities, Weirdness & Mutations

You are resistant to torment.
Your stone body is resilient. (AC +4)
You are immune to poison.
You resist negative energy. (rN+)
You are resistant to electric shocks. (rElec)
You can survive without breathing.
You are immune to petrification.
You are immune to rotting.


Message History

Sigmund barely misses you.
Unknown command.
You closely miss Sigmund.
Sigmund is lightly wounded.
Sigmund gestures at you while chanting. You resist with some effort.
You feel less confused. You block Sigmund's attack.
You closely miss Sigmund.
Sigmund is lightly wounded.
Sigmund mumbles some strange words.
Sigmund flickers and vanishes!
Deactivating autopickup; reactivate with Ctrl-A.
You block something's attack.
You closely miss something.
Your shield and scale mail prevent you from hitting something.
Something hits you.
* * * LOW HITPOINT WARNING * * *
You hit something. Something hits you.
You die...

#.# #. .. #.# #.
.. ## #.########
#. #.
#.####+#.........
#(s).)...########
#.###............
...
#....##########
.....
#....##.......#
.......
#.{@.##.#####.#
....S..
#.†.....#...#.#
.......
#.....###.#.#.#
.......
###)#.#...#.#.#
#.#.#.#.#.#.#
#.#.###.#.#.#
#.#.....#.#.#
#.####..#.#.#
#..(....#.#.#


There were no monsters in sight!

Vanquished Creatures
  An orc priest (D:3)
  2 adders (D:3)
  An ooze (D:1)
  5 dart slugs (D:2)
  A leopard gecko (D:1)
  2 orcs (D:3)
  4 giant cockroaches
  8 goblins
  4 hobgoblins
  4 jackals (D:2)
  4 kobolds (D:1)
  12 bats
  3 frilled lizards
  3 rats
54 creatures vanquished.

Notes
Turn   | Place    | Note
-------+----------+-------------------------------------------
     0 | D:1      | Gildeon the Gargoyle Fighter began the quest for the Orb.
     0 | D:1      | Reached XP level 1. HP: 14/14 MP: 1/1
    56 | D:1      | Reached XP level 2. HP: 18/19 MP: 2/2
   177 | D:1      | Reached skill level 3 in Maces & Flails
   665 | D:1      | Reached XP level 3. HP: 23/23 MP: 3/3
  1056 | D:2      | Found an iron altar of Okawaru.
  1066 | D:2      | Became a worshipper of Warmaster Okawaru
  1071 | D:2      | Found a shimmering blue altar of Sif Muna.
  1075 | D:2      | Found a white marble altar of Elyvilon.
  1152 | D:2      | Reached skill level 4 in Maces & Flails
  1445 | D:2      | Reached XP level 4. HP: 28/28 MP: 4/4
  1734 | D:3      | Noticed Sigmund
  1742 | D:3      | Reached skill level 5 in Maces & Flails
  1742 | D:3      | Reached XP level 5. HP: 22/32 MP: 5/5
  1770 | D:3      | Slain by Sigmund

Levels and vault maps discovered:
D:1:      elethiomel_arrival_infinity_welcomes_careful_drivers, layout_basic,
          minmay_tetromino_s4
D:2:      layout_basic, minmay_overflow_temple_star_quad
D:3:      layout_basic, kennysheep_vampire_church, uniq_sigmund

Skill      XL: |  1  2  3  4 |
---------------+-------------+-----
Maces & Flails | 3 4 5 |  5.0
Fighting       | |  3.2
Armour         | |  3.2
Shields        | |  3.2

Action                   |  1- 3 |  4- 6 || total
-------------------------+-------+-------++-------
Melee: Flail             |   156 |    59 ||   215
Throw: Dart              |    32 |     3 ||    35
  Eat: Chunk             |     2 |     1 ||     3
Armor: Scale mail        |    96 |    37 ||   133
Dodge: Dodged            |    62 |    19 ||    81
Block: Shield            |    96 |    26 ||   122

Table legend:
 A = Non-vault XP
 B = Vault XP
 C = Vault XP percentage of total XP
 D = Non-vault monster count
 E = Vault monster count
 F = Vault count percentage of total count
                 A         B        C        D         E       F
            +---------+---------+-------+---------+---------+-------
      Total |     168 |       3 |   1.8 |      52 |       2 |   3.7
            +---------+---------+-------+---------+---------+-------
        D:1 |      37 |       3 |   7.5 |      19 |       2 |   9.5
        D:2 |      47 |       0 |   0.0 |      22 |       0 |   0.0
        D:3 |      84 |       0 |   0.0 |      11 |       0 |   0.0
            +---------+---------+-------+---------+---------+-------
